 Dungeon Crawl Stone Soup version 0.31-a0-202-g547052bce9 (webtiles) character file.

Game seed: 13973403874016206954

5602 Warped the Spear-Bearer (level 10, -1/76 (77) HPs)
             Began as a Merfolk Gladiator on June 27, 2023.
             Was a Believer of Makhleb.
             Slain by a nine-headed hydra (7 damage)
             ... on level 9 of the Dungeon.
             The game lasted 00:17:12 (9168 turns).

Warped the Spear-Bearer (Merfolk Gladiator)         Turns: 9168, Time: 00:17:13

HP:   -1/76 (77)    AC: 15    Str: 14    XL:     10   Next: 73%
MP:   11/11         EV: 12    Int:  8    God:    Makhleb [**....]
Gold: 648           SH:  0    Dex: 20    Spells: 8/11 levels left

rFire   + . .        F - +0 trident
rCold   + . .        (no shield)
rNeg    . . .        f - +0 chain mail
rPois   +            g - +1 helmet
rElec   +            s - +1 cloak
rCorr   +            I - +0 pair of gloves
SInv    .            (no boots)
Will    .....        (no amulet) Stlth
                     (no ring)
HPRegen 0.32/turn    (no ring)
MPRegen 0.12/turn

%: no passive effects
@: resistant, lightly drained
A: (nimble swimmer 2), mertail
a: Renounce Religion, Minor Destruction


You were on level 9 of the Dungeon.
You worshipped Makhleb.
Makhleb was pleased with you.
You visited 2 branches of the dungeon, and saw 10 of its levels.

You collected 648 gold pieces.

Inventory:

Hand Weapons
 a - a +0 glaive
 b - a +3 heavy halberd
 c - a +0 halberd
 t - the +8 dagger of Qoenu {pain, Contam Str+5}
   (You found it on level 8 of the Dungeon)

   Str:       It affects your strength (+5).
   Contam:    It causes magical contamination when unequipped.
 u - a +0 arbalest
 A - a +0 orcbow
 F - a +0 trident (weapon)
Missiles
 e - a javelin
 o - 47 stones
 x - 11 poisoned darts
Armour
 f - a +0 chain mail (worn)
 g - a +1 helmet (worn)
 h - a +0 plate armour
 i - a +0 ring mail
 s - a +1 cloak (worn)
 w - an orb of guile
 B - the +0 ring mail "Qeovitamm" {-Tele rElec rN+ Str+5}
   (You found it on level 4 of the Dungeon)

   Str:       It affects your strength (+5).
   rElec:     It insulates you from electricity.
   rN:        It protects you from negative energy.
   -Tele:     It prevents most forms of teleportation.
 C - a +0 scale mail
 I - a +0 pair of gloves (worn)
Magical Staves
 q - a staff of poison
Jewellery
 k - a ring of fire
 l - a ring of see invisible
 D - a ring of ice
 E - a ring of flight
Scrolls
 m - 4 scrolls of identify
 p - a scroll of vulnerability
 r - 2 scrolls of amnesia
 z - a scroll of revelation
Potions
 n - 2 potions of attraction
 v - a potion of resistance


   Skills:
 + Level 6.9 Fighting
 * Level 13.9 Polearms
 - Level 2.0 Throwing
 + Level 5.1 Armour
 + Level 10.0 Dodging
 - Level 1.1 Spellcasting
 - Level 1.7 Transmutations


You had 8 spell levels left.
You knew the following spells:

 Your Spells              Type           Power      Damage    Failure   Level
a - Passwall              Tmut/Erth      0%         N/A       99%         2
f - Foxfire               Conj/Fire      0%         2x1d4     99%         1

Your spell library contained the following spells:

 Spells                   Type           Power      Damage    Failure   Level
 Necrotise                Necr           0%         1d4       99%         1
 Sandblast                Erth           0%         2d4       99%         1
 Stone Arrow              Conj/Erth      0%         3d7       100%        3
 Vampiric Draining        Necr           0%         2d6       100%        3
 Agony                    Necr           0%         N/A       100%        5
 Fireball                 Conj/Fire      0%         3d3       100%        5
 Plasma Beam              Fire/Air       0%         2x1d10    100%        6
 Starburst                Conj/Fire      0%         6d3       100%        6


Dungeon Overview and Level Annotations

Branches:
Dungeon (9/15)             Temple (1/1) D:4
   Lair: D:8-11         Orc: D:9-12

Altars:
Ashenzari
Cheibriados
Dithmenos
Elyvilon
Fedhas
Gozag
Hepliaklqana
Kikubaaqudgha
Makhleb
Nemelex Xobeh
Qazlal
Ru
Sif Muna
Trog
Uskayaw
Vehumet
Wu Jian
Xom
Zin
The Shining One

Annotations:
D:8 2 transporters
D:9 Prince Ribbit


Innate Abilities, Weirdness & Mutations

((You are very nimble when in or above water. (Stealth+, EV+, Speed+++)))
Your lower body shifts to a powerful aquatic tail in water.


Message History

Okay, then.
You impale the wight!!
You destroy the wight!
Makhleb accepts your kill. The orc barely misses you.
Reach: b) +3 halberd (heavy)
Press: ? - help, Dir - move target, f - wight
Aim: a wight, wielding a +3 spear and wearing a +0 robe (about 31% to evade your +3 heavy halberd)
The orc is in the way.
You impale the orc!!
You kill the orc!
Makhleb accepts your kill.
You feel better.
You aren't carrying any items that you can evoke.
Unknown command.
F - a +0 trident (weapon)
Reach: F) +0 trident
Press: ? - help, Dir - move target, f - nine-headed hydra, p - wight
Aim: a nine-headed hydra (inner flame, about 17% to evade your +0 trident)
Okay, then.
Throw: throwing net
Press: ? - help, Q - select action, (/) - cycle Shift-Dir - straight line, f/p - wight
Aim: a wight, wielding a +3 spear and wearing a +0 robe (66% to hit)
You throw a throwing net.
The throwing net hits the nine-headed hydra.
The nine-headed hydra is too large for the net to hold!
Okay, then.
Okay, then.
Okay, then.
The nine-headed hydra attacks as you move away!
The nine-headed hydra bites you but does no damage.
The nine-headed hydra bites you!
* * * LOW HITPOINT WARNING * * *
The nine-headed hydra bites you but does no damage. x3
The nine-headed hydra barely misses you.
The nine-headed hydra bites you but does no damage.
The nine-headed hydra barely misses you. x2
Unknown command.
The nine-headed hydra attacks as you move away!
The nine-headed hydra bites you!
You die...

...........................[.....
..............KK...K.............
)....)...Dz..oz################..
##############F# ##. #)# #.. #z#
#.. #.# #..
##############z#################.
...............D@................
.................................
###########..###################.
#..# #. #..# #. #..# #. # #..# #.
# #..# #. # #..# #.


You could see a nine-headed hydra (inner flame) and a wight.

Vanquished Creatures
  A two-headed ogre (D:8)
  A death knight (D:8)
  2 wraiths (D:8)
  5 yaks (D:7)
  An unseen horror simulacrum (D:8)
  A water moccasin (D:6)
  A black bear (D:4)
  3 orc warriors
  A sky beast (D:8)
  2 ice beasts (D:7)
  An ogre (D:3)
  2 centaurs
  2 phantoms
  A kobold brigand (D:9)
  2 gnoll sergeants
  A bullfrog (D:8)
  3 scorpions
  5 wights
  12 killer bees
  A howler monkey (D:4)
  A wyvern simulacrum (D:8)
  5 jellies
  4 hounds
  2 orc priests
  Crazy Yiuf (D:6)
  Ijyb (D:3)
  6 orc wizards
  3 iguanas
  A spectral killer bee (D:8)
  A centaur simulacrum (D:8)
  2 adders
  6 gnolls
  A shadow imp (D:6)
  5 white imps
  2 worms
  3 dart slugs
  27 orcs
  6 ball pythons
  8 bats
  4 endoplasms
  4 giant cockroaches
  10 goblins
  5 hobgoblins
  3 jackals (D:3)
  7 kobolds
  4 quokkas
  9 frilled lizards
  6 rats
185 creatures vanquished.

Notes
Turn   | Place    | Note
-------+----------+-------------------------------------------
     0 | D:1      | Warped the Merfolk Gladiator began the quest for the Orb.
     0 | D:1      | Reached XP level 1. HP: 16/16 MP: 1/1
   186 | D:1      | Reached XP level 2. HP: 22/22 MP: 2/2
   253 | D:1      | Reached skill level 5 in Polearms
   416 | D:1      | Reached XP level 3. HP: 27/27 MP: 3/3
  1186 | D:2      | Found a faded altar of an unknown god.
  1446 | D:2      | Reached skill level 6 in Polearms
  1700 | D:2      | Reached XP level 4. HP: 33/33 MP: 4/4
  1709 | D:2      | Learned a level 2 spell: Passwall
  1840 | D:3      | Noticed an ogre
  1853 | D:3      | Killed an ogre
  1854 | D:3      | Reached skill level 1 in Armour
  1854 | D:3      | Reached skill level 1 in Transmutations
  1854 | D:3      | Reached XP level 5. HP: 13/38 MP: 4/6
  2211 | D:3      | Reached skill level 1 in Spellcasting
  2222 | D:3      | Noticed Ijyb
  2236 | D:3      | Killed Ijyb
  2550 | D:3      | Learned a level 1 spell: Foxfire
  2758 | D:4      | Reached skill level 7 in Polearms
  2758 | D:4      | Reached skill level 5 in Dodging
  2758 | D:4      | Reached XP level 6. HP: 26/44 MP: 7/7
  2945 | D:4      | Found a radiant altar of Vehumet.
  2946 | D:4      | Found a hide-covered altar of Uskayaw.
  3100 | D:4      | Found a staircase to the Ecumenical Temple.
  3117 | Temple   | Entered the Ecumenical Temple
  3221 | Temple   | Became a worshipper of Makhleb the Destroyer
  3288 | D:4      | Noticed a black bear
  3304 | D:4      | Killed a black bear
  3305 | D:4      | Reached XP level 7. HP: 13/50 MP: 8/8
  3447 | D:4      | Identified the +0 ring mail "Qeovitamm" {-Tele rElec rN+
                  | Str+5}
  3495 | D:4      | Found a glowing silver altar of Zin.
  3614 | D:5      | Entered Level 5 of the Dungeon
  3614 | D:5      | Found an opulent altar of Gozag.
  3614 | D:5      | Found a sparkling altar of Nemelex Xobeh.
  3699 | D:5      | Reached skill level 8 in Polearms
  4748 | D:5      | Reached skill level 9 in Polearms
  5090 | D:6      | Reached XP level 8. HP: 57/57 MP: 9/9
  5221 | D:6      | Found a white marble altar of Elyvilon.
  5255 | D:5      | Reached * piety under Makhleb
  5353 | D:6      | Found a runed translucent door.
  5354 | D:6      | Noticed Crazy Yiuf
  5419 | D:6      | Found a sacrificial altar of Ru.
  5838 | D:6      | Reached skill level 10 in Polearms
  5904 | D:6      | Killed Crazy Yiuf
  6265 | D:7      | Reached XP level 9. HP: 60/65 MP: 10/10
  6499 | D:7      | Reached skill level 11 in Polearms
  6577 | D:7      | Reached skill level 5 in Fighting
  6583 | D:7      | Reached ** piety under Makhleb
  7386 | D:8      | Reached skill level 12 in Polearms
  7681 | D:8      | Found a transporter.
  7683 | D:8      | Noticed a centaur warrior
  7684 | D:8      | Noticed a skeletal warrior
  7686 | D:8      | Noticed a troll
  7686 | D:8      | Noticed a red ugly thing
  7687 | D:8      | Noticed a meliai
  7688 | D:8      | Noticed a four-headed hydra
  7745 | D:8      | Reached XP level 10. HP: 21/76 MP: 11/11
  8044 | D:8      | Found a transporter.
  8044 | D:8      | Identified the ring "Inauzxuo" {+Blink EV+5 Str+2 Slay-2}
  8065 | D:8      | Noticed a death knight
  8099 | D:8      | Killed a death knight
  8100 | D:8      | Reached skill level 13 in Polearms
  8413 | D:8      | Identified the +8 dagger of Qoenu {pain, Contam Str+5}
  8636 | D:8      | Found an ornate altar of the Wu Jian Council.
  8710 | D:8      | Noticed a two-headed ogre
  8716 | D:8      | Killed a two-headed ogre
  8717 | D:8      | Reached skill level 5 in Armour
  9101 | D:9      | Reached skill level 10 in Dodging
  9142 | D:9      | Noticed Prince Ribbit
  9145 | D:9      | Noticed an eight-headed hydra
  9168 | D:9      | Slain by a nine-headed hydra

Illustrated notes

Levels and vault maps discovered:
D:1:      giann_wishing_wells, layout_basic
D:2:      layout_loops_corners, shapermc_ecumenical_altar_pompeii,
          minmay_lizard_pond
D:3:      layout_loops_cross, grunt_ministairs_6,
          chequers_serial_rivers_micro_c, uniq_ijyb
D:4:      layout_rooms, nicolae_overflow_squiral, zin_scriptorium,
          minmay_temple_entry_wispy
D:5:      layout_layer_cave, grunt_temple_overflow_opulence,
          kennysheep_pointless_box, nicolae_sextant,
          chequers_serial_rivers_micro_b, hangedman_decor_slide_cut
D:6:      layout_rooms, grunt_temple_overflow_open, uniq_crazy_yiuf_cottage
D:7:      layout_basic
D:8:      gammafunk_sealed_arena, layout_loops_corners,
          nicolae_wu_jian_immortal_techniques, dilly_guarded_unrand_morg
D:9:      layout_long_grid, hellmonk_okawaru_the_only_friend_you_need,
          ebering_ghost_inner_flame, minmay_misc_feat_square,
          minmay_misc_feat_diagonals, item_on_display_a, uniq_prince_ribbit1
Temple:   minmay_temple_bridge_abc

Skill      XL: |  1  2  3  4  5  6  7  8  9 10 |
---------------+-------------------------------+-----
Polearms       | 5 6 7 9 10 12 13 | 13.9
Armour         | 1 2 3 4 5 |  5.1
Transmutations | 1 |  1.7
Spellcasting   | 1 |  1.1
Dodging        | 5 6 7 9 10 | 10.0
Fighting       | 4 5 6 |  6.9
Throwing       | |  2.0

Action                     |  1- 3 |  4- 6 |  7- 9 | 10-12 || total
---------------------------+-------+-------+-------+-------++-------
  Melee: Trident           |   125 |   146 |    66 |       ||   337
         Punch             |     1 |     5 |     1 |       ||     7
         Unarmed           |       |     7 |       |       ||     7
         Tailslap          |       |     2 |       |       ||     2
         Halberd           |       |       |   203 |    71 ||   274
  Throw: Throwing net      |       |     1 |     4 |     2 ||     7
  Evoke: Wand              |       |       |     6 |       ||     6
    Use: Potion            |       |     1 |     7 |     4 ||    12
         Scroll            |       |     2 |    13 |     4 ||    19
   Stab: Sleeping          |     2 |       |       |       ||     2
         Held in net/web   |       |     1 |       |       ||     1
 Armour: Leather armour    |    21 |       |       |       ||    21
         Ring mail         |    15 |    42 |    93 |     3 ||   153
         Skin              |     1 |     2 |       |       ||     3
         Chain mail        |       |       |       |    49 ||    49
  Dodge: Dodged            |    68 |   119 |   223 |    73 ||   483

Table legend: (Time is in decaauts)
 A = Elapsed time spent in this place.
 B = Non-inter-level travel time spent in this place.
 C = Inter-level travel time spent in this place.
 D = Time resting spent in this place.
 E = Time spent auto-exploring this place.
 F = Levels seen in this place.
 G = Mean time per level.
                   A        B        C        D        E       F      G
               +--------+--------+--------+--------+--------+-----+--------+
         Total |   9219 |   8901 |    318 |   1643 |   5567 |  10 |  921.9 |
       Dungeon |   9101 |   8800 |    301 |   1643 |   5498 |   9 | 1011.2 |
        Temple |    118 |    101 |     17 |      0 |     68 |   1 |  118.0 |
               +--------+--------+--------+--------+--------+-----+--------+

Top non-repeatable levels by time:
     D:8: 1651 daAuts
     D:5: 1544 daAuts
     D:7: 1086 daAuts
     D:1: 1015 daAuts
     D:2: 951 daAuts
     D:4: 853 daAuts
     D:6: 842 daAuts
     D:3: 780 daAuts
     D:9: 376 daAuts
  Temple: 118 daAuts
